 Dungeon Crawl Stone Soup version 0.32-a0-913-g739538afd8 (webtiles) character file.

Game seed: 13813138428175473706

590 Sanktem7 the Chopper (level 7, -3/61 HPs)
             Began as a Minotaur Fighter on Mar 20, 2024.
             Slain by Duvessa
             ... wielding a +0 rapier
              (6 damage)
             ... on level 4 of the Dungeon on Apr 9, 2024.
             The game lasted 00:04:06 (2468 turns).

Sanktem7 the Chopper (Minotaur Fighter)             Turns: 2468, Time: 00:04:07

Health: -3/61      AC: 10    Str: 22    XL:     7   Next: 16%
Magic:  6/6        EV:  8    Int:  5    God:
Gold:   137        SH:  9    Dex: 10    Spells: 6/6 levels left

rFire   . . .        a - +0 war axe {axe}
rCold   . . .        c - +0 buckler
rNeg    . . .        b - +0 scale mail
rPois   .            (helmet restricted)
rElec   .            (no cloak)
rCorr   .            e - +2 pair of gloves
SInv    .            (no boots)
Will    .....        w - amulet of reflection Stlth
                     (no ring)
HPRegen 0.30/turn    (no ring)
MPRegen 0.10/turn

%: reflection
@: no status effects
A: horns 2, retaliatory headbutt
a: no special abilities


You were on level 4 of the Dungeon.
You visited 1 branch of the dungeon, and saw 4 of its levels.

You collected 137 gold pieces.


Innate Abilities, Weirdness & Mutations

You have a pair of horns on your head.
You reflexively headbutt those who attack you in melee.


   Skills:
 + Level 5.5 Fighting
 * Level 6.3 Axes
 + Level 5.4 Armour
 + Level 5.4 Shields


You had 6 spell levels left.
You didn't know any spells.
Your spell library was empty.

Inventory:

Hand Weapons
 a - a +0 war axe (weapon) {axe}
 i - a +1 sling of flaming
   (You found it on level 1 of the Dungeon)
Missiles
 k - 4 poisoned darts (quivered) {throwing}
 l - a throwing net {=f!fthrowing}
 q - 24 stones {throwing}
 u - 2 boomerangs {throwing}
Armour
 b - a +0 scale mail (worn)
 c - a +0 buckler (worn)
 e - a +2 pair of gloves (worn)
   (You found it on level 1 of the Dungeon)
Magical Staves
 y - a staff of death {!astaff}
   (You found it on level 4 of the Dungeon)
Jewellery
 s - a +6 ring of dexterity
   (You found it on level 4 of the Dungeon)
 w - an amulet of reflection (around neck)
   (You found it on level 3 of the Dungeon)
Wands
 v - a wand of warping (17)
   (You took it off Grinder on level 3 of the Dungeon)
Scrolls
 f - 2 scrolls of enchant weapon {unknown}
 o - 2 scrolls of teleportation {unknown}
 p - 5 scrolls of fog {unknown}
 r - 2 scrolls of identify {unknown}
 A - a scroll of summoning {unknown}
Potions
 d - a potion of might
 g - 2 potions of mutation {unknown}
 h - 3 potions of resistance {unknown}
 j - 2 potions of haste {unknown}
 m - a potion of enlightenment {unknown}
 n - 3 potions of curing {unknown}
 t - 2 potions of heal wounds {unknown}
 x - a potion of cancellation {unknown}
 z - 2 potions of brilliance {unknown}

Dungeon Overview and Level Annotations

Branches:
Dungeon (4/15) Zot: 21480
 Temple: D:4-7

Altars:
Elyvilon

Annotations:
D:4 Duvessa

##.>...........
......###.#.###
##.#.### #.#.#
#.#...##.#.#.#
#........#.#.# #
#.###.####.#.##### .#
#.###........##..# ...
#............##..# ..#
#.###.####...##@e#..###
##.# #............#
#...###...##..#..#.#
............?....#
##...###...##..#..# #
^...## #...#...#..#
##..# #............
.#..# #...#...#.#...
....# ............()


You could see Duvessa (berserk).


Message History

A dart slug is nearby!
A dart slug is nearby!
The dart slug launches a dart at you.
The slug dart hits you but does no damage.
You slash the dart slug!
You kill the dart slug!
No target in view!
No target in view!
No target in view!
No target in view!
No target in view!
No target in view!
No target in view!
No target in view!
No target in view!
No target in view!
No target in view!
No target in view!
No target in view!
No target in view!
No target in view!
No target in view!
No target in view!
No target in view!
h - 3 fuming orange potions (gained 1)
You now have 137 gold pieces (gained 9).
Found a stone staircase leading down.
r - 2 scrolls labelled GITYAS ABRAARU (gained 1)
y - a staff of death {!astaff}
q - 24 stones {throwing} (gained 7)
A - a scroll labelled VATHAE KOUMN Duvessa and Dowan come into view.
Dowan is wielding a +1 dagger of venom.
Duvessa shouts!
Dowan shouts!
Dowan gestures at you while chanting. You resist with some effort.
You block Duvessa's attack.
You slash Dowan! You hit Duvessa. You block Dowan's attack.
Duvessa hits you with a +0 rapier! 😕 HP[-12]
You take 12 damage, and now have 49/61 hp.
You closely miss Dowan. Your headbutt misses Dowan.
You hit Duvessa but do no damage. Dowan hits you but does no damage.
Duvessa hits you with a +0 rapier. 😕 HP[-3]
You take 3 damage, and now have 46/61 hp.
You barely miss Dowan. You hit Duvessa. Dowan hits you but does no damage.
Duvessa hits you but does no damage.
Unknown command.
You slash Dowan!
You kill Dowan!
Duvessa weeps, and shakes her weapon.
Duvessa goes berserk!
You slash Duvessa! Duvessa hits you with a +0 rapier!
Duvessa barely misses you. Duvessa hits you with a +0 rapier!
* * * LOW HITPOINT WARNING * * *
You block Duvessa's attack.
Things that are here:
a +1 dagger of venom {short}; a +0 robe; the elf corpse of Dowan 😨 HP[-18]
You take 18 damage, and now have 28/61 hp.
MASSIVE DAMAGE!! (PAUSE)
You slash Duvessa! Duvessa barely misses you. You block Duvessa's attack.
You hit Duvessa but do no damage. You headbutt Duvessa, but do no damage.
Duvessa hits you with a +0 rapier.
* * * LOW HITPOINT WARNING * * *
😨 HP[-5]
You take 5 damage, and now have 23/61 hp.
You hit Duvessa. You headbutt Duvessa. You block Duvessa's attack.
Duvessa hits you with a +0 rapier!
* * * LOW HITPOINT WARNING * * *
😱 HP[-13]
You take 13 damage, and now have 10/61 hp.
MASSIVE DAMAGE!! (PAUSE)
You barely miss Duvessa. You block Duvessa's attack.
Duvessa hits you with a +0 rapier.
* * * LOW HITPOINT WARNING * * *
😱 HP[-3]
You take 3 damage, and now have 7/61 hp.
You barely miss Duvessa. Duvessa hits you with a +0 rapier.
* * * LOW HITPOINT WARNING * * *
Duvessa hits you but does no damage. 😱 HP[-3]
You take 3 damage, and now have 4/61 hp.
You hit Duvessa. Your headbutt misses Duvessa. You block Duvessa's attack. x2
You barely miss Duvessa. You headbutt Duvessa. You block Duvessa's attack.
Duvessa closely misses you.
You hit Duvessa but do no damage. Duvessa misses you. 😱 HP[+1]
You slash Duvessa! Duvessa hits you but does no damage.
Duvessa hits you with a +0 rapier.
* * * LOW HITPOINT WARNING * * *
😱 HP[-3]
You take 3 damage, and now have 2/61 hp.
You barely miss Duvessa. Duvessa closely misses you.
You block Duvessa's attack. 😱 HP[+1]
You hit Duvessa but do no damage. You headbutt Duvessa, but do no damage.
Duvessa closely misses you. Duvessa hits you with a +0 rapier.
You die...

Skill      XL: |  1  2  3  4  5  6 |
---------------+-------------------+-----
Axes           | 3 5 6 |  6.3
Fighting       | 4 5 |  5.5
Shields        | 4 5 |  5.4
Armour         | 4 5 |  5.4

Action                     |  1- 3 |  4- 6 |  7- 9 || total
---------------------------+-------+-------+-------++-------
  Melee: War axe           |    92 |    42 |    20 ||   154
         Headbutt          |    13 |     9 |     4 ||    26
 Armour: Scale mail        |    48 |    34 |    18 ||   100
  Dodge: Dodged            |    40 |    20 |     7 ||    67
  Block: Buckler           |    15 |    20 |    12 ||    47

Levels and vault maps discovered:
D:1:      dpeg_arrival_rooms_c, layout_basic,
          shapermc_ecumenical_altar_flowoftime
D:2:      layout_loops_cross, basic_altar, grunt_decor_cap
D:3:      layout_rooms, minmay_door_square, uniq_sigmund, uniq_grinder
D:4:      layout_loops_ring, minmay_lizard_king, uniq_crazy_yiuf_cottage,
          uniq_duvessa, uniq_natasha

Notes
Turn   | Place    | Note
-------+----------+-------------------------------------------
     0 | D:1      | Sanktem7 the Minotaur Fighter began the quest for the Orb.
     0 | D:1      | Reached XP level 1. HP: 19/19 MP: 0/0
     0 | D:1      | magus.rc [v1.9.6]
   404 | D:1      | Reached XP level 2. HP: 27/27 MP: 1/1
   744 | D:1      | Found a faded altar of an unknown god.
   746 | D:1      | Reached skill level 3 in Axes
  1125 | D:2      | Reached skill level 4 in Fighting
  1138 | D:2      | Reached skill level 4 in Shields
  1138 | D:2      | Reached XP level 3. HP: 33/33 MP: 2/2
  1141 | D:2      | Reached skill level 4 in Armour
  1219 | D:2      | Upgraded the game from 0.32-a0-779-g362cfcae2a to
                  | 0.32-a0-913-g739538afd8
  1219 | D:2      | magus.rc [v1.9.6]
  1320 | D:2      | Found a white marble altar of Elyvilon.
  1532 | D:3      | Reached XP level 4. HP: 40/40 MP: 3/3
  1542 | D:3      | Noticed Grinder
  1562 | D:3      | HP: 5/40 [Grinder/rupture (10)]
  1566 | D:3      | Paralysed by Grinder for 5 turns
  1569 | D:3      | HP: 5/40 [Grinder (1)]
  1571 | D:3      | HP: 2/40 [Grinder (2)]
  1573 | D:3      | Killed Grinder
  1574 | D:3      | Reached skill level 5 in Axes
  1574 | D:3      | Reached XP level 5. HP: 3/47 MP: 4/4
  1574 | D:3      | Reached XP level 6. HP: 4/55 MP: 5/5
  2105 | D:3      | Noticed Sigmund
  2128 | D:3      | Killed Sigmund
  2129 | D:3      | Reached skill level 5 in Fighting
  2129 | D:3      | Reached skill level 5 in Armour
  2129 | D:3      | Reached skill level 5 in Shields
  2328 | D:4      | Reached skill level 6 in Axes
  2332 | D:4      | Reached XP level 7. HP: 61/61 MP: 6/6
  2450 | D:4      | Noticed Duvessa
  2450 | D:4      | Noticed Dowan
  2456 | D:4      | Killed Dowan
  2460 | D:4      | HP: 10/61 [Duvessa/+0 rapier (13)]
  2462 | D:4      | HP: 4/61 [Duvessa/+0 rapier (4)]
  2468 | D:4      | Slain by Duvessa

Vanquished Creatures
  Grinder (D:3)
  Sigmund (D:3)
  Dowan (D:4)
  A hound (D:4)
  4 gnolls (D:4)
  3 adders
  3 dart slugs
  A ribbon worm (D:2)
  3 orcs (D:3)
  5 ball pythons
  5 endoplasms
  3 giant cockroaches
  4 goblins (D:2)
  4 hobgoblins
  3 jackals (D:2)
  3 quokkas
  3 bats
  3 frilled lizards (D:2)
  3 kobolds
  4 rats
58 creatures vanquished.

Vanquished Creatures (others)
  An endoplasm (D:3)
  A kobold (D:3)
2 creatures vanquished.

Grand Total: 60 creatures vanquished

Table legend:
 A = Non-vault XP
 B = Vault XP
 C = Vault XP percentage of total XP
 D = Non-vault monster count
 E = Vault monster count
 F = Vault count percentage of total count
                 A         B        C        D         E       F
            +---------+---------+-------+---------+---------+-------
      Total |     237 |     607 |  71.9 |      55 |       3 |   5.2
            +---------+---------+-------+---------+---------+-------
        D:1 |      19 |       0 |   0.0 |      11 |       0 |   0.0
        D:2 |      74 |       0 |   0.0 |      27 |       0 |   0.0
        D:3 |      34 |     538 |  94.1 |      10 |       2 |  16.7
        D:4 |     110 |      69 |  38.5 |       7 |       1 |  12.5
            +---------+---------+-------+---------+---------+-------

Skill      XL: |  1  2  3  4  5  6 |
---------------+-------------------+-----
Axes           | 3 5 6 |  6.3
Fighting       | 4 5 |  5.5
Shields        | 4 5 |  5.4
Armour         | 4 5 |  5.4

Action                     |  1- 3 |  4- 6 |  7- 9 || total
---------------------------+-------+-------+-------++-------
  Melee: War axe           |    92 |    42 |    20 ||   154
         Headbutt          |    13 |     9 |     4 ||    26
 Armour: Scale mail        |    48 |    34 |    18 ||   100
  Dodge: Dodged            |    40 |    20 |     7 ||    67
  Block: Buckler           |    15 |    20 |    12 ||    47

Illustrated notes

Table legend:
 A = Kills in this place as a percentage of kills in the entire game.
 B = Kills by you in this place as a percentage of kills by you in the entire game.
 C = Kills by friends in this place as a percentage of kills by friends in the entire game.
 D = Other kills in this place as a percentage of other kills in the entire game.
 E = Experience gained in this place as a percentage of experience gained in the entire game.
 F = Experience gained in this place divided by the number of levels of this place that you have seen.
                   A       B       C       D       E      F
               +-------+-------+-------+-------+-------+----------------------
         Total | 100.0 | 100.0 |   N/A |   N/A | 100.0 | 211.0
       Dungeon | 100.0 | 100.0 |   N/A |   N/A | 100.0 | 211.0
               +-------+-------+-------+-------+-------+----------------------

Table legend: (Time is in decaauts)
 A = Elapsed time spent in this place.
 B = Non-inter-level travel time spent in this place.
 C = Inter-level travel time spent in this place.
 D = Time resting spent in this place.
 E = Time spent auto-exploring this place.
 F = Levels seen in this place.
 G = Mean time per level.
                   A        B        C        D        E       F      G
               +--------+--------+--------+--------+--------+-----+--------+
         Total |   2518 |   2440 |     78 |    167 |   1825 |   4 |  629.5 |
       Dungeon |   2518 |   2440 |     78 |    167 |   1825 |   4 |  629.5 |
               +--------+--------+--------+--------+--------+-----+--------+

Top non-repeatable levels by time:
     D:1: 855 daAuts
     D:3: 739 daAuts
     D:2: 700 daAuts
     D:4: 222 daAuts
